AoeStats
← ed_lfc

Arabia

509588648Analyzed
1v1 RM · 6d ago on Sep 27, 2026· 28m 22s· 2 players
Game mode
Random Map
Map size
Tiny (2 player)
Population
200
Speed
Normal
Resources
Standard
Victory
Conquest
Starting age
Dark Age
Ending age
Imperial Age
RankedLock teamsTeams togetherTeam positionsShared explorationLock speedFull tech treeHidden civsTurbo modeCheats
Victory
Defeat
🇨🇳 Chinese · China
1282
+16
🇬🇧 Mongols · United Kingdom
1288
-16
PlatinumDisco
0:27 Loom
8:59 Feudal Age
9:45 Double-Bit Axe
13:29 Horse Collar
16:23 Wheelbarrow
16:41 Gold Mining
19:30 Castle Age
18:31 Padded Archer Armor
18:21 Fletching
18:42 Bloodlines
20:30 Bow Saw
21:12 Husbandry
21:43 Leather Archer Armor
21:24 Bodkin Arrow
23:30 Leather Archer Armor
25:07 Ballistics
25:23 Heavy Plow
25:57 Leather Archer Armor
ed_lfc
8:38 Feudal Age
7:29 Loom
10:24 Double-Bit Axe
10:26 Horse Collar
11:53 Town Watch
13:35 Wheelbarrow
19:48 Castle Age
18:10 Gold Mining
18:58 Bloodlines
19:10 Scale Barding Armor
20:00 Forging
21:05 Chain Barding Armor
23:14 Husbandry
28:13 Iron Casting
Connection lost

Rejoining the realm…

Still unreachable

The connection could not be restored.

Session expired

The server has moved on; the page needs a fresh start.